 Dungeon Crawl Stone Soup version 0.29-a0-1008-g949cc1d0fb (webtiles) character file.

Game seed: 738675381752203555

24 zxpr0jk the Slasher (level 2, -1/22 HPs)
             Began as a Vampire Gladiator on Aug 7, 2022.
             Slain by a goblin
             ... wielding a +2 dagger of venom
             ... led by Robin
              (3 damage)
             ... on level 2 of the Dungeon.
             The game lasted 00:02:58 (887 turns).

zxpr0jk the Slasher (Vampire Gladiator)              Turns: 887, Time: 00:02:58

Health: -1/22      AC:  5    Str: 13    XL:     2   Next: 79%
Magic:  2/2        EV: 12    Int: 10    God:
Gold:   65         SH:  0    Dex: 15    Spells: 1/1 levels left

rFire   . . .      SeeInvis +   a - +0 long sword
rCold   . . .      Faith    .   (no shield)
rNeg    . . .      Spirit   .   b - +0 leather armour
rPois   .          Reflect  .   c - +0 helmet
rElec   .          Harm     .   o - +0 cloak
rCorr   .          Rampage  .   (no gloves)
Will    .....                   (no boots)
Stlth   +.........              (no amulet)
HPRegen 0.27/turn               (no ring)
MPRegen 0.08/turn               (no ring)

@: mighty, lethally poisoned (-1 -> -7), healing quickly
A: alive, fangs 3, see invisible, vampiric 1
a: Exsanguinate


You were on level 2 of the Dungeon.
You visited 1 branch of the dungeon, and saw 2 of its levels.

You collected 65 gold pieces.

Inventory:

Hand Weapons
 a - a +0 long sword (weapon)
Missiles
 d - 3 throwing nets
 e - a javelin
 j - 11 stones (quivered)
Armour
 b - a +0 leather armour (worn)
 c - a +0 helmet (worn)
 o - a +0 cloak (worn)
Scrolls
 f - a scroll of enchant weapon {unknown}
 g - a scroll of brand weapon {unknown}
 k - a scroll of enchant armour {unknown}
 m - a scroll of teleportation {unknown}
 n - a scroll of magic mapping {unknown}
Potions
 i - a potion of curing {unknown}
 l - a potion of mutation {unknown}


   Skills:
 + Level 2.2 Fighting
 * Level 3.7 Long Blades
 - Level 1.5 Throwing
 - Level 3.2 Dodging


You had one spell level left.
You didn't know any spells.
Your spell library was empty.

Dungeon Overview and Level Annotations

Branches:
Dungeon (2/15)

Altars:

Annotations:
D:2 Robin


Innate Abilities, Weirdness & Mutations

Your natural rate of healing is accelerated.
You have razor-sharp teeth.
You have supernaturally acute eyesight. (SInv)
You are afflicted with vampirism.


Message History

The goblins go into a battle-frenzy!
The goblin hits you but does no damage.
You closely miss the goblin.
A ball python comes into view.
The goblin barely misses you. x2; The goblin hits you but does no damage.
Robin roars a battlecry!
The hobgoblin goes into a battle-frenzy!
The goblin misses you.
You hit the goblin but do no damage. The goblin misses you.
The goblin hits you with a +0 club. The goblin misses you.
The goblin hits you with a +0 club. The goblin hits you but does no damage.
The goblin closely misses you. The goblin barely misses you.
The goblin closely misses you. The goblin attacks as you move away!
The goblin closely misses you. The goblin attacks as you move away!
The goblin barely misses you. The goblin attacks as you move away!
The goblin hits you with a +0 club.
A rat comes into view.
Found a book of Scorching.
The rat twitches its whiskers.
The goblin attacks as you move away! The goblin closely misses you.
The goblin attacks as you move away! The goblin hits you with a +0 club.
Found the Octavo of the Summoned Stinger.
The goblin no longer looks unusually strong.
Robin throws the goblin at you!
You hit the goblin.
You kill the goblin!
The goblin hits you with a +2 dagger of venom.
You are lethally poisoned!
The ball python misses you. The ball python closely misses you.
* * * LOW HITPOINT WARNING * * *
You feel very sick. The ball python closely misses you.
The ball python barely misses you.
Things that are here:
a +0 club; a goblin corpse It was a potion of might.
You feel very mighty all of a sudden.
* * * LOW HITPOINT WARNING * * *
You feel sick.
The goblin hits you with a +2 dagger of venom.
You die...

#..##...............[..
#...)......#...#.#...#
#...##......#.#...#.#
######...#....#...#.....#
##...##...#.....#..#.....# .
#.###........#...###.....### #.
.## ##........#..#..#g..#..# #..
## ##...##...###.S.#.#...###... #
#...##..#.@g#..g#...#...#.. ##
#..## .#..rSg#..#.g#.....#. .##
.#.........g.g#####g.......
#.###.##.###.#.....#..#..#g....#.
.#...# .# #:.#...#..g#...#...#..
.#..## #...###...#.#...###...
.#..# .:..# #..#...#..#..#..
....# .#.# ##.....###.. #. ##.##
#. #.....#..#....


You could see 2 hobgoblins, 4 goblins, 2 ball pythons and a rat.

Vanquished Creatures
  A dart slug (D:1)
  5 ball pythons
  2 endoplasms
  A giant cockroach (D:1)
  A goblin (D:2)
  2 hobgoblins (D:1)
  A quokka (D:2)
  2 bats (D:1)
  2 frilled lizards (D:1)
  3 kobolds
20 creatures vanquished.

Notes
Turn   | Place    | Note
-------+----------+-------------------------------------------
     0 | D:1      | zxpr0jk the Vampire Gladiator began the quest for the Orb.
     0 | D:1      | Reached XP level 1. HP: 16/16 MP: 1/1
   216 | D:1      | Reached XP level 2. HP: 22/22 MP: 2/2
   863 | D:2      | Noticed Robin
   887 | D:2      | Slain by a goblin

Illustrated notes

Levels and vault maps discovered:
D:1:      nicolae_arrival_memento_mori, layout_loops_ring
D:2:      layout_loops_ring, minmay_splitting_lines, minmay_pentomino_s4,
          uniq_crazy_yiuf_cottage, uniq_robin

Skill      XL: |  1 |
---------------+----+-----
Fighting       | 2 |  2.2
Long Blades    | |  3.7
Throwing       | |  1.5
Dodging        | |  3.2

Action                   || total
-------------------------++-------
Melee: Long sword        ||    57
       Bite              ||     3
Throw: Stone             ||     4
  Use: Potion            ||     1
 Stab: Sleeping          ||     1
Armor: Leather armour    ||    33
Dodge: Dodged            ||    60

Table legend: (Time is in decaauts)
 A = Elapsed time spent in this place.
 B = Non-inter-level travel time spent in this place.
 C = Inter-level travel time spent in this place.
 D = Time resting spent in this place.
 E = Time spent auto-exploring this place.
 F = Levels seen in this place.
 G = Mean time per level.
                   A        B        C        D        E       F      G
               +--------+--------+--------+--------+--------+-----+--------+
         Total |    899 |    860 |     39 |      0 |    585 |   2 |  449.5 |
       Dungeon |    899 |    860 |     39 |      0 |    585 |   2 |  449.5 |
               +--------+--------+--------+--------+--------+-----+--------+

Top non-repeatable levels by time:
     D:1: 724 daAuts
     D:2: 175 daAuts
